 Dungeon Crawl Stone Soup version 0.29-a0-459-g97dee8cd24 (webtiles) character file.

Game seed: 4665695757487160074

311485 holysushi the Acrobat (level 22, -7/139 (142) HPs)
             Began as a Kobold Monk on May 21, 2022.
             Was the Champion of Dithmenos.
             Mangled by a tengu reaver
             ... wielding a +0 war axe
              (43 damage)
             ... on level 1 of the Vaults.
             The game lasted 01:26:24 (51594 turns).

holysushi the Acrobat (Kobold Monk)                Turns: 51594, Time: 01:26:25

HP:   -7/139 (142)  AC:  6    Str: 11    XL:     22   Next: 22%
MP:   31/31         EV: 46    Int: 12    God:    Dithmenos [******]
Gold: 1228          SH: 20    Dex: 33    Spells: 21/21 levels left

rFire   + + +      SeeInvis +   Z - +3 rapier (speed)
rCold   + + .      Faith    .   i - +5 kite shield {reflect}
rNeg    + . .      Spirit   .   L - +2 robe {Archmagi}
rPois   +          Reflect  +   I - -2 hat of the Alchemist {rElec rPois rF+ rC+ rN+ Will+ rMut rCorr}
rElec   +          Harm     .   x - scarf {rC+ rF+}
rCorr   +          Rampage  .   U - +1 pair of gloves of Qeckat {rF+ Str+2 Dex+2}
rMut    +          Archmagi +   C - +1 pair of boots of Oily Wonder {Will+ Slay+2}
Will    ++++.      Rage     1%  D - amulet of regeneration Stlth #*********
                                J - ring of Nialom {Drain rF+ Will+ rCorr Dex+4}
HPRegen 1.13/turn               B - ring of see invisible
MPRegen 0.22/turn

@: wreathed by umbra, studying Short Blades, lightly drained
A: small, no large weapons, nightstalker 3, berserk 1, mutation resistance 1,
MP-powered wands
}: 2/15 runes: barnacled, gossamer
a: Renounce Religion, Shadow Step, Shadow Form


You were on level 1 of the Vaults.
You worshipped Dithmenos.
Dithmenos was exalted by your worship.
You visited 8 branches of the dungeon, and saw 36 of its levels.
You also visited: Bailey and Gauntlet.

You collected 4815 gold pieces.
You spent 3587 gold pieces at shops.

Inventory:

Hand Weapons
 b - the +6 arbalest "Damnation" {damnation}
   (You found it on level 1 of the Shoals)

   Any ammunition fired from it explodes in a burst of damnation on striking a
   foe, dealing damage which bypasses armour.
 Z - a +3 rapier of speed (weapon)
Missiles
 T - 5 throwing nets (quivered)
Armour
 i - a +5 kite shield of reflection (worn)
 x - a scarf of resistance (worn)
 C - the +1 pair of boots of Oily Wonder (worn) {Will+ Slay+2}
   (You acquired it on level 3 of the Elven Halls)

   Slay:      It affects your accuracy & damage with ranged weapons and melee
   (+2).
   Will:      It increases your willpower.
 I - the -2 hat of the Alchemist (worn) {rElec rPois rF+ rC+ rN+ Will+ rMut rCorr}
   (You found it on level 4 of the Spider Nest)

   rF:        It protects you from fire.
   rC:        It protects you from cold.
   rElec:     It insulates you from electricity.
   rPois:     It protects you from poison.
   rN:        It protects you from negative energy.
   rCorr:     It protects you from acid and corrosion.
   rMut:      It protects you from mutation.
   Will:      It increases your willpower.
 L - a +2 robe of the Archmagi (worn)
 U - the +1 pair of gloves of Qeckat (worn) {rF+ Str+2 Dex+2}
   (You found it on level 4 of the Spider Nest)

   Str:       It affects your strength (+2).
   Dex:       It affects your dexterity (+2).
   rF:        It protects you from fire.
Jewellery
 B - a ring of see invisible (right hand)
 D - an amulet of regeneration (around neck)
 J - the ring of Nialom (left hand) {Drain rF+ Will+ rCorr Dex+4}
   (You found it on level 3 of the Elven Halls)

   [ring of protection from fire]

   Dex:       It affects your dexterity (+4).
   rF:        It protects you from fire.
   rCorr:     It protects you from acid and corrosion.
   Drain:     It drains your maximum health when unequipped.
   Will:      It increases your willpower.
Wands
 a - a wand of iceblast (16)
 r - a wand of mindburst (22)
 A - a wand of acid (38)
 G - a wand of charming (12)
 H - a wand of paralysis (17)
 M - a wand of flame (50)
 N - a wand of digging (21)
 Q - a wand of polymorph (13)
Scrolls
 d - 6 scrolls of vulnerability
 e - 6 scrolls of teleportation
 h - 3 scrolls of summoning
 k - 5 scrolls of fear
 n - 2 scrolls of blinking
 o - 7 scrolls of enchant armour
 q - 3 scrolls of silence
 t - a scroll of acquirement
 v - 4 scrolls of poison
 w - 9 scrolls of immolation
 K - 4 scrolls of magic mapping
 V - 26 scrolls of identify
 X - a scroll of brand weapon
 Y - 2 scrolls of fog
Potions
 c - 8 potions of ambrosia
 f - 4 potions of berserk rage {unknown}
 g - 8 potions of brilliance
 j - 12 potions of curing
 l - 8 potions of flight
 m - 7 potions of magic
 p - 2 potions of cancellation
 s - 4 potions of attraction
 u - 6 potions of lignification
 z - 4 potions of might
 F - 2 potions of invisibility
 P - 2 potions of heal wounds
 S - 12 potions of haste
Miscellaneous
 y - a phial of floods (inert)
 E - a condenser vane
 O - a piece from Xom's chessboard (15/15)
 R - a box of beasts (inert)
 W - a phantom mirror


   Skills:
 - Level 16.1 Fighting
 + Level 24.2 Short Blades
 - Level 24.3 Dodging
 - Level 24.0 Stealth
 + Level 6.8 Shields
 - Level 13.0 Invocations
 - Level 5.1 Evocations


You had 21 spell levels left.
You didn't know any spells.
Your spell library contained the following spells:

 Spells                   Type           Power      Damage    Failure   Level
 Apportation              Tloc           0%         N/A       78%         1
 Freeze                   Ice            0%         1d3       78%         1
 Necrotize                Necr           0%         1d4       78%         1
 Sandblast                Erth           0%         2d4       78%         1
 Summon Small Mammal      Summ           0%         N/A       78%         1
 Sublimation of Blood     Necr           0%         N/A       89%         2
 Wereblood                Tmut           0%         N/A       89%         2
 Call Canine Familiar     Summ           0%         N/A       98%         3
 Frozen Ramparts          Ice            0%         1d2       98%         3
 Gell's Gravitas          Tloc           0%         N/A       98%         3
 Lesser Beckoning         Tloc           0%         N/A       98%         3
 Stone Arrow              Conj/Erth      0%         3d7       98%         3
 Summon Guardian Golem    Hex/Summ       0%         N/A       98%         3
 Teleport Other           Tloc           0%         N/A       98%         3
 Animate Dead             Necr           0%         N/A       100%        4
 Hailstorm                Conj/Ice       0%         3d3       100%        4
 Passage of Golubria      Tloc           0%         N/A       100%        4
 Petrify                  Tmut/Erth      0%         N/A       100%        4
 Summon Lightning Spire   Summ/Air       0%         N/A       100%        4
 Blade Hands              Tmut           0%         N/A       100%        5
 Irradiate                Conj/Tmut      0%         3d13      100%        5
 Iskenderun's Battlesphe  Conj           0%         2d6       100%        5
 Silence                  Hex/Air        0%         N/A       100%        5
 Summon Forest            Summ/Tloc      0%         N/A       100%        5
 Conjure Ball Lightning   Conj/Air       0%         3x3d6     100%        6
 Dispersal                Tloc           0%         N/A       100%        6
 Eringya's Noxious Bog    Tmut/Pois      0%         N/A       100%        6
 Iron Shot                Conj/Erth      0%         9d1       100%        6
 Dragon Form              Tmut           0%         N/A       100%        7
 Haunt                    Necr/Summ      0%         N/A       100%        7
 Orb of Destruction       Conj           0%         9d5       100%        7
 Spellforged Servitor     Conj/Summ      0%         N/A       100%        7
 Summon Hydra             Summ           0%         N/A       100%        7
 Discord                  Hex            0%         N/A       100%        8
 Disjunction              Tloc           0%         N/A       100%        8
 Infestation              Necr           0%         N/A       100%        8
 Lehudib's Crystal Spear  Conj/Erth      0%         10d2      100%        8
 Summon Horrible Things   Summ           0%         N/A       100%        8
 Shatter                  Erth           0%         3d5*      100%        9


Dungeon Overview and Level Annotations

Branches:
Dungeon (15/15)            Temple (1/1) D:5            Lair (6/6) D:9
 Shoals (4/4) Lair:3       Spider (4/4) Lair:2        Slime (0/5) Lair:6
    Orc (2/2) D:10            Elf (3/3) Orc:2        Vaults (1/5) D:14
 Depths (0/4) D:15         Bailey (visited)         Gauntlet (visited)

Altars:
Ashenzari
Cheibriados
Dithmenos
Elyvilon
Fedhas
Gozag
Hepliaklqana
Kikubaaqudgha
Makhleb
Nemelex Xobeh
Okawaru
Qazlal
Ru
Sif Muna
Trog
Uskayaw
Vehumet
Wu Jian
Xom
Yredelemnul
Zin
The Shining One
Beogh

Shops:
D:5 *   D:7 *   D:9 !((*   D:14 =*[:[*   Orc:1 [=   Orc:2 !![:*   Elf:2 [

Portals:
Trove: D:14 (give 2 scrolls of acquirement)

Annotations:
D:13 6 runed translucent doors
Lair:3 1 runed translucent door, croobank's ghost, journeyman GnDe


Innate Abilities, Weirdness & Mutations

You are small and have problems with some larger weapons.
You are completely attuned to the shadows.
You tend to lose your temper in combat.
You are somewhat resistant to further mutation.
You expend magic power (3 MP) to strengthen your wands.


Message History

You closely miss the tengu reaver.
The tengu reaver is moderately wounded.
Your shadow barely misses the tengu reaver.
You block the tengu reaver's attack. x3
You hit the tengu reaver but do no damage.
The tengu reaver is moderately wounded.
The tengu reaver blocks your shadow's attack.
The tengu reaver casts a spell at you. The bolt of negative energy hits you!
You partially resist.
You feel drained.
You hit the tengu reaver but do no damage.
The tengu reaver is moderately wounded.
Your shadow hits the tengu reaver but does no damage.
The tengu reaver blocks your attack.
The tengu reaver is moderately wounded.
Your shadow hits the tengu reaver with a rapier.
You block the tengu reaver's attack. The tengu reaver completely misses you.
You block the tengu reaver's attack.
You closely miss the tengu reaver.
The tengu reaver is moderately wounded.
The tengu reaver blocks your shadow's attack.
The ironbound preserver casts a spell.
The ironbound preserver begins to accept its allies' injuries.
You hit the tengu reaver but do no damage.
The tengu reaver is moderately wounded.
Your shadow hits the tengu reaver but does no damage.
The tengu reaver hits you with a +0 war axe!!!
* * * LOW HITPOINT WARNING * * *
You emit a cloud of dark smoke.
You block the tengu reaver's attack. The tengu reaver claws you.
* * * LOW HITPOINT WARNING * * *
You feel much better.
The ironbound preserver gestures wildly while chanting.
The ironbound preserver begins to accept its allies' injuries.
You block the tengu reaver's attack. The tengu reaver pecks you!
* * * LOW HITPOINT WARNING * * *
The tengu reaver claws you.
* * * LOW HITPOINT WARNING * * *
You feel much better.
The tengu reaver hits you with a +0 war axe!!!
You die...

oTpp#.... #..########..#
.p..###### #............# ....#
#............# p...#
#............# ##########
#............#
#..'.#...#########............#
'..#.'...'....§§§#§...........#
####.#####....§§.#pp..........#
#....#...#....§§@#§§..........#
.....'...'....§§§QppT.....)...#
....######....§§§#########'#####
##'##....'......§# #......#
.#..'....######### #......#
.#..#....# ############.)....#
########## #...)......#...)..#
#..........#......#
#...)).....'......#


You could see an ironbound preserver (strong), a tengu reaver (strong,
sheltered), an ironbound frostheart (strong, sheltered) and an ironbound
convoker (sheltered).

Vanquished Creatures
  Mara (Shoals:3)
  Jorgrun (D:14)
  Mlioglotl (Lair:2)
  2 deep elf master archers (Elf:3)
  2 deep elf blademasters (Elf:3)
  Polyphemus (Shoals:3)
  Frances (Shoals:1)
  Gastronok (D:9)
  A storm dragon (D:13)
  Donald (Shoals:3)
  Ilsuiw (Shoals:2)
  A vault warden (Vaults:1)
  An orc warlord (Vaults:1)
  2 deep elf sorcerers (Elf:3)
  Louise (Shoals:3)
  8 emperor scorpions
  5 ghost moths
  5 deep elf elementalists (Elf:3)
  8 ironbound preservers (Vaults:1)
  A very ugly thing (D:15)
  A broodmother (Spider:1)
  2 deep elf demonologists
  2 ironbound thunderhulks (Vaults:1)
  Nessos (D:13)
  A minotaur (Gauntlet)
  2 deep elf annihilators (Elf:3)
  Azrael (Spider:1)
  2 entropy weavers
  An ettin (D:13)
  6 deep elf death magi (Elf:3)
  9 merfolk impalers
  6 merfolk javelineers
  2 yaktaur captains (Vaults:1)
  2 deep elf high priests (Elf:3)
  Erolcha (D:9)
  13 boulder beetles
  2 rakshasas
  8 hydras
  An ironbound frostheart (Vaults:1)
  5 ogre magi
  4 vault guards (D:14)
  A jorogumo (Spider:4)
  4 merfolk avatars
  4 catoblepae
  5 radroaches
  9 two-headed ogres
  5 satyrs
  18 centaur warriors
  2 alligator snapping turtles
  26 death yaks
  24 dancing weapons
  4 merfolk aquamancers
  4 tengu warriors
  A death scarab (Spider:3)
  Sonja (Lair:2)
  14 deep elf knights
  Amaemon (D:9)
  11 skeletal warriors
  2 pharaoh ants
  4 steelbarb worms (Spider:4)
  10 deep trolls (Vaults:1)
  8 orb spiders
  7 sea snakes
  A glowing orange brain (D:15)
  2 wizards
  7 orc knights
  9 deep elf archers
  4 lindwurms (Vaults:1)
  3 ironbound convokers (Vaults:1)
  24 wolf spiders
  24 deep elf zephyrmancers
  21 harpies
  7 orc sorcerers (Orc:2)
  19 ugly things
  36 deep elf pyromancers
  19 fauns
  19 elephants
  15 manticores
  7 cyclopes
  5 moths of wrath
  9 merfolk sirens
  2 vault sentinels (Vaults:1)
  11 cane toads
  7 black mambas
  An apocalypse crab (Gauntlet)
  4 water nymphs
  An orange demon (D:9)
  A gargoyle (D:11)
  7 torpor snails
  5 rime drakes
  An unseen horror (shapeshifter) (D:14)
  An efreet (D:13)
  A kobold demonologist (D:11)
  2 tengu conjurers (D:14)
  5 komodo dragons
  8 demonic crawlers
  10 yaktaurs
  A queen bee (shapeshifter) (Elf:2)
  3 wind drakes
  A queen bee (Orc:1)
  4 trolls
  4 meliai
  7 polar bears
  A hornet (D:9)
  18 blink frogs
  26 merfolk
  7 slime creatures
  A raiju (shapeshifter) (D:15)
  23 tarantellas
  8 snapping turtles
  21 dream sheep
  3 air elementals (Elf:3)
  2 centaur simulacra
  20 culicivoras
  27 jumping spiders
  Sigmund (D:5)
  2 wraiths
  4 vampires
  6 fire elementals
  71 yaks
  10 basilisks
  6 water elementals
  12 wyverns
  Eustachio (D:6)
  8 vampire mosquitoes
  A golden eye (Gauntlet)
  Grum (D:10)
  A redback (shapeshifter) (Elf:3)
  53 redbacks
  5 hell hounds
  5 acid dragons
  12 water moccasins
  A floating eye (Gauntlet)
  3 ice beasts (D:7)
  29 orc warriors
  2 black bears
  17 ogres
  A boggart (D:14)
  16 wolves
  26 centaurs
  3 phantoms
  2 kobold brigands
  A gnoll sergeant (D:8)
  5 bullfrogs
  2 necrophages
  4 scorpions
  3 earth elementals
  7 wights
  18 killer bees
  2 electric eels (Spider:1)
  9 howler monkeys
  16 orc priests
  A gnoll shaman (Orc:1)
  6 hounds
  8 iguanas
  35 orc wizards
  5 hell rats (Lair:6)
  23 gnolls
  8 adders
  A white imp (D:6)
  2 ufetubi (Gauntlet)
  A worm (D:5)
  2 dart slugs (D:1)
  95 orcs
  9 endoplasms
  5 giant cockroaches
  6 goblins
  7 hobgoblins
  5 jackals
  13 kobolds
  8 quokkas
  6 ball pythons
  9 bats
  3 frilled lizards
  10 rats
  A spectral kobold (D:7)
  A bush (D:9)
1393 creatures vanquished.

Vanquished Creatures (collateral kills)
  3 harpies (Shoals:2)
  A culicivora (Spider:4)
  A centaur (Shoals:2)
5 creatures vanquished.

Vanquished Creatures (others)
  A deep elf demonologist (Elf:3)
  A two-headed ogre (D:15)
  An orc wizard (Orc:2)
  43 fungi
  290 plants
336 creatures vanquished.

Grand Total: 1734 creatures vanquished

Notes
Turn   | Place    | Note
-------+----------+-------------------------------------------
     0 | D:1      | holysushi the Kobold Monk began the quest for the Orb.
     0 | D:1      | Reached XP level 1. HP: 14/14 MP: 1/1
   214 | D:1      | Reached XP level 2. HP: 19/19 MP: 2/2
   558 | D:1      | Reached XP level 3. HP: 23/23 MP: 3/3
   755 | D:1      | Reached skill level 5 in Short Blades
   913 | D:1      | Found a faded altar of an unknown god.
  2719 | D:3      | Reached XP level 4. HP: 26/28 MP: 4/4
  3122 | D:3      | Reached XP level 5. HP: 22/32 MP: 5/5
  3312 | D:3      | Identified the +6 whip "Kujoqe" {flame, Str+4}
  4471 | D:4      | Reached XP level 6. HP: 33/37 MP: 6/6
  5133 | D:5      | Entered Level 5 of the Dungeon
  5200 | D:5      | Found Zycsom's Lightly-Used Armoury.
  5239 | D:5      | Noticed an ogre
  5394 | D:5      | Found a staircase to the Ecumenical Temple.
  5455 | Temple   | Entered the Ecumenical Temple
  5486 | Temple   | Became a worshipper of Dithmenos the Shadowed
  5486 | Temple   | Reached * piety under Dithmenos
  5486 | Temple   | Reached ** piety under Dithmenos
  5581 | D:5      | Reached XP level 7. HP: 41/41 MP: 7/7
  5589 | D:5      | Reached skill level 10 in Short Blades
  5591 | D:5      | Noticed a wyvern
  5602 | D:5      | Killed a wyvern
  5932 | D:5      | Reached XP level 8. HP: 46/46 MP: 8/8
  6468 | D:5      | Found a burning altar of Makhleb.
  6469 | D:5      | Found a glowing silver altar of Zin.
  6470 | D:5      | Noticed a balrug
  6470 | D:5      | Noticed an angel
  6672 | D:5      | Reached skill level 5 in Dodging
  7117 | D:5      | Noticed Sigmund
  7141 | D:5      | Reached skill level 5 in Stealth
  7141 | D:5      | Reached XP level 9. HP: 45/52 MP: 9/9
  7220 | D:5      | Killed Sigmund
  7478 | D:6      | Reached *** piety under Dithmenos
  7479 | D:6      | Reached skill level 5 in Fighting
  7644 | D:6      | Noticed Eustachio
  7668 | D:6      | Killed Eustachio
  8123 | D:7      | Found a hazy altar of Hepliaklqana.
  8707 | D:7      | Found Zuciamm's Assorted Antiques.
  8749 | D:7      | Reached XP level 10. HP: 58/60 MP: 10/10
  8867 | D:7      | Reached **** piety under Dithmenos
  8868 | D:7      | Reached skill level 10 in Dodging
  9781 | D:8      | Reached skill level 1 in Evocations
  9799 | D:8      | Reached skill level 1 in Invocations
 10057 | D:8      | You fall into a shaft and drop 2 floors!
 10057 | D:10     | Entered Level 10 of the Dungeon
 10066 | D:10     | Found a flagged portal.
 10072 | Bailey   | Entered a bailey
 10369 | Bailey   | Noticed an orc knight
 10380 | Bailey   | Killed an orc knight
 10381 | Bailey   | Reached XP level 11. HP: 53/65 MP: 12/12
 10420 | Bailey   | Reached skill level 5 in Evocations
 10555 | Bailey   | Noticed an orc knight
 10602 | Bailey   | Killed an orc knight
 10893 | D:10     | Found a staircase to the Orcish Mines.
 11094 | D:10     | Noticed Grum
 11122 | D:10     | Killed Grum
 12085 | D:11     | Found a gate leading to a gauntlet.
 12090 | Gauntlet | Entered a Gauntlet
 12090 | Gauntlet | Found a transporter.
 12111 | Gauntlet | Found a transporter.
 12119 | Gauntlet | Found a transporter.
 12125 | Gauntlet | Found a transporter.
 12147 | Gauntlet | Found a transporter.
 12147 | Gauntlet | Noticed an orange crystal statue
 12170 | Gauntlet | Found a transporter.
 12173 | Gauntlet | Noticed a reaper
 12182 | Gauntlet | Found a transporter.
 12209 | Gauntlet | Found a transporter.
 12212 | Gauntlet | Noticed a moth of wrath
 12236 | Gauntlet | Found a transporter.
 12248 | Gauntlet | Found a transporter.
 12270 | Gauntlet | Found a transporter.
 12282 | Gauntlet | Found a transporter.
 12291 | Gauntlet | Found a transporter.
 12291 | Gauntlet | Noticed a sixfirhy
 12314 | Gauntlet | Found a transporter.
 12468 | Gauntlet | Noticed a hell hog
 12604 | Gauntlet | Found a transporter.
 12774 | Gauntlet | Found a transporter.
 12779 | Gauntlet | Found a transporter.
 12876 | Gauntlet | Identified the +0 pair of boots "Keesy" {rC+}
 12985 | Gauntlet | Gained mutation: Your muscles are strong. (Str +2) [potion
                  | of mutation]
 12985 | Gauntlet | Gained mutation: You possess an exceptional clarity of
                  | mind. [potion of mutation]
 13046 | Gauntlet | Identified the +7 great sword of Dithmenos's Generosity
                  | {freeze, Will+}
 13046 | Gauntlet | Noticed a minotaur
 13052 | Gauntlet | Killed a minotaur
 13105 | D:11     | Noticed a skeletal warrior
 13108 | D:11     | Killed a skeletal warrior
 13144 | D:11     | Noticed a two-headed ogre
 13149 | D:11     | Killed a two-headed ogre
 13379 | D:9      | Found a staircase to the Lair.
 13424 | D:9      | Noticed Erolcha
 13428 | D:9      | Killed Erolcha
 13429 | D:9      | Reached skill level 10 in Stealth
 13429 | D:9      | Reached XP level 12. HP: 72/72 MP: 15/15
 13613 | D:9      | Found a blossoming altar of Fedhas.
 13728 | D:9      | Noticed a two-headed ogre
 13732 | D:9      | Killed a two-headed ogre
 13747 | D:9      | Found Kili's General Store.
 13764 | D:9      | Bought a wand of acid (4) for 240 gold pieces
 13764 | D:9      | Bought a scroll of enchant weapon for 112 gold pieces
 13831 | D:9      | Reached ***** piety under Dithmenos
 13864 | D:9      | Found Ebyghuw's Antique Weapon Emporium.
 13919 | D:9      | Noticed Gastronok
 13923 | D:9      | Killed Gastronok
 13937 | D:9      | Found Lidd's Weapon Boutique.
 13962 | D:9      | Found Waleuq Eluf's Distillery.
 13967 | D:9      | Bought a potion of haste for 120 gold pieces
 13967 | D:9      | Bought a potion of curing for 36 gold pieces
 13967 | D:9      | Bought a potion of haste for 120 gold pieces
 13967 | D:9      | Bought a potion of curing for 36 gold pieces
 13967 | D:9      | Bought a potion of heal wounds for 60 gold pieces
 13967 | D:9      | Bought a potion of invisibility for 96 gold pieces
 13967 | D:9      | Bought a potion of curing for 36 gold pieces
 13985 | D:9      | Noticed Amaemon
 14026 | D:9      | Killed Amaemon
 14175 | D:9      | Noticed a tengu warrior
 14179 | D:9      | Killed a tengu warrior
 14181 | D:9      | Noticed a centaur warrior
 14181 | D:9      | Noticed a centaur warrior
 14183 | D:9      | Noticed an eight-headed hydra
 14183 | D:9      | Found the ring of the Mage {Wiz Archmagi}
 14816 | Lair:1   | Entered Level 1 of the Lair of Beasts
 14874 | Lair:1   | Reached skill level 15 in Short Blades
 15004 | Lair:1   | Noticed a five-headed hydra
 15008 | Lair:1   | Killed a five-headed hydra
 15255 | Lair:1   | Found a broken altar of Ashenzari.
 15392 | Lair:1   | Reached XP level 13. HP: 80/80 MP: 16/16
 16232 | Lair:2   | Reached skill level 15 in Dodging
 16608 | Lair:2   | Found a hole to the Spider Nest.
 16659 | Lair:2   | Identified the +1 fire dragon scales "Qacofaf" {Drain Fly
                  | rF++ rC- rN++ rCorr}
 16942 | Lair:2   | Noticed Sonja
 16952 | Lair:2   | Killed Sonja
 17176 | Lair:2   | Reached skill level 10 in Fighting
 18855 | Lair:2   | Found a hole to the Spider Nest.
 19369 | Lair:3   | Noticed an eight-headed hydra
 19373 | Lair:3   | Killed an eight-headed hydra
 19374 | Lair:3   | Reached XP level 14. HP: 90/90 MP: 17/17
 19605 | Lair:3   | Found a staircase to the Shoals.
 19637 | Lair:3   | Found a runed translucent door.
 19638 | Lair:3   | Noticed croobank's ghost (journeyman GnDe)
 21195 | Lair:4   | Reached skill level 15 in Stealth
 21773 | Lair:5   | Reached ****** piety under Dithmenos
 22780 | Lair:5   | Reached XP level 15. HP: 99/99 MP: 18/18
 23019 | Lair:6   | Entered Level 6 of the Lair of Beasts
 23042 | Lair:6   | Found a staircase to the Slime Pits.
 25357 | Lair:5   | Reached skill level 15 in Fighting
 25494 | Orc:1    | Entered Level 1 of the Orcish Mines
 25536 | Orc:2    | Entered Level 2 of the Orcish Mines
 25618 | Orc:1    | Found Biank's Jewellery Emporium.
 26121 | Orc:1    | Found Gistrif's Armour Shop.
 26756 | Orc:2    | Reached XP level 16. HP: 108/108 MP: 19/19
 26782 | Orc:2    | Found Fuisohib's Mayhem Merchandise.
 26943 | Orc:2    | Found a staircase to the Elven Halls.
 27237 | Orc:2    | Found Saimicw's Book Shop.
 27274 | Orc:2    | Found a radiant altar of Vehumet.
 27308 | Orc:2    | Found Ymmuoc's Antique Armour Shop.
 27348 | Orc:2    | Found an ancient bone altar of Kikubaaqudgha.
 27460 | Orc:2    | Found Wacifim's Distillery.
 27507 | Orc:2    | Found Rireo's Distillery.
 27514 | Orc:2    | Bought a potion of invisibility for 136 gold pieces
 27514 | Orc:2    | Bought 2 potions of invisibility for 272 gold pieces
 27686 | Orc:2    | Bought a slimy cloak for 247 gold pieces
 27686 | Orc:2    | Identified the +1 cloak of the Unseen Realm {rC+} (You
                  | bought it in a shop on level 2 of the Orcish Mines)
 27740 | Elf:1    | Entered Level 1 of the Elven Halls
 27934 | Elf:1    | Got Purch's Papyrus of Creation
 29449 | Elf:2    | Found a runed translucent gate.
 29450 | Elf:2    | Found a runed translucent gate.
 29451 | Elf:2    | Found a runed translucent gate.
 29755 | Elf:2    | Found Wasiom's Antique Armour Shoppe.
 29760 | Elf:2    | Bought a spiked leather armour for 196 gold pieces
 29760 | Elf:2    | Identified the +0 leather armour of the Villain {Dex+2}
                  | (You bought it in a shop on level 2 of the Elven Halls)
 29760 | Elf:2    | Bought a pair of glowing gloves for 210 gold pieces
 29963 | Elf:2    | Reached skill level 5 in Invocations
 30475 | Elf:2    | Reached XP level 17. HP: 113/113 MP: 21/21
 31378 | Spider:1 | Entered Level 1 of the Spider Nest
 31766 | Spider:1 | Noticed Mlioglotl
 31855 | Orc:1    | Bought a ring of see invisible for 225 gold pieces
 32039 | Lair:2   | Killed Mlioglotl
 32505 | Spider:1 | Noticed Azrael
 32511 | Spider:1 | Killed Azrael
 32784 | Spider:1 | Reached skill level 10 in Invocations
 34016 | Spider:1 | Gained mutation: You are clumsy. (Dex -2) [mutagenic glow]
 34017 | Spider:1 | Lost mutation: Your muscles are strong. (Str +2) [potion of
                  | mutation]
 34017 | Spider:1 | Lost mutation: You are clumsy. (Dex -2) [potion of
                  | mutation]
 34017 | Spider:1 | Lost mutation: You possess an exceptional clarity of mind.
                  | [potion of mutation]
 34017 | Spider:1 | Gained mutation: You tend to lose your temper in combat.
                  | [potion of mutation]
 34017 | Spider:1 | Gained mutation: You are somewhat resistant to further
                  | mutation. [potion of mutation]
 34017 | Spider:1 | Gained mutation: You expend magic power (3 MP) to
                  | strengthen your wands. [potion of mutation]
 34487 | Spider:3 | Reached XP level 18. HP: 45/119 MP: 26/26
 35943 | Spider:4 | Entered Level 4 of the Spider Nest
 36258 | Spider:4 | Found the -2 hat of the Alchemist {rElec rPois rF+ rC+ rN+
                  | Will+ rMut rCorr}
 36310 | Spider:4 | Identified the +1 pair of gloves of Qeckat {rF+ Str+2
                  | Dex+2}
 36381 | Spider:4 | Got a gossamer rune of Zot
 37085 | Elf:3    | Entered Level 3 of the Elven Halls
 37523 | Elf:3    | Reached XP level 19. HP: 117/124 MP: 28/28
 38076 | Elf:3    | Noticed a deep elf blademaster
 38082 | Elf:3    | Noticed a deep elf blademaster
 38094 | Elf:3    | Killed a deep elf blademaster
 38098 | Elf:3    | Killed a deep elf blademaster
 38736 | Elf:3    | Identified the ring "Caan Xie" {Ice rN++ Stlth+}
 38849 | Elf:3    | Identified a scroll of acquirement
 38860 | Elf:3    | Identified the ring of Nialom {Drain rF+ Will+ rCorr Dex+4}
 38872 | Elf:3    | Got the Grimoire of Earth
 38918 | Elf:3    | Acquired the +1 pair of boots of Oily Wonder {Will+ Slay+2}
 38981 | Elf:3    | Identified the +1 robe of Boredom {rElec Dex+3}
 39419 | Shoals:1 | Entered Level 1 of the Shoals
 39641 | Shoals:1 | Noticed Frances
 39645 | Shoals:1 | Killed Frances
 39850 | Shoals:1 | Found the +6 arbalest "Damnation" {damnation}
 40520 | Shoals:2 | Reached XP level 20. HP: 106/128 MP: 29/29
 41508 | Shoals:3 | Noticed Ilsuiw
 41558 | Shoals:2 | Killed Ilsuiw
 41881 | Shoals:3 | Noticed Donald
 41896 | Shoals:3 | Killed Donald
 42145 | Shoals:3 | Noticed Louise
 42210 | Shoals:3 | Killed Louise
 42269 | Shoals:3 | Noticed Mara
 42273 | Shoals:3 | Killed Mara
 42464 | Shoals:3 | Noticed Polyphemus
 43046 | Shoals:3 | Killed Polyphemus
 43076 | Shoals:4 | Entered Level 4 of the Shoals
 44281 | Shoals:4 | Got a barnacled rune of Zot
 46311 | D:12     | Reached XP level 21. HP: 135/135 MP: 30/30
 46749 | D:13     | Noticed Nessos
 46752 | D:13     | Killed Nessos
 46828 | D:13     | Found a large runed translucent door.
 46830 | D:13     | Found a large runed translucent door.
 46831 | D:13     | Found a large runed translucent door.
 46900 | D:13     | Identified the +5 short sword of the Sage {drain, rElec
                  | Will- Str+8 Dex-5}
 46938 | D:13     | Found a large runed translucent door.
 46939 | D:13     | Found a large runed translucent door.
 47030 | D:13     | Found a large runed translucent door.
 47366 | D:13     | Found a large runed translucent door.
 47525 | D:13     | Found a large runed translucent door.
 47922 | D:14     | Found Rutyrr's Assorted Antiques.
 47928 | D:14     | Bought a runed kite shield for 165 gold pieces
 47967 | D:14     | Found a bloodstained altar of Trog.
 48031 | D:14     | Found a gate to the Vaults.
 48038 | D:14     | Reached skill level 1 in Shields
 48317 | D:14     | Found Tadgh's CLEARANCE SALE!.
 48334 | D:14     | Found Qafay's Jewellery Shoppe.
 48387 | D:14     | Found Veepsyp's Armour Shop.
 48393 | D:14     | Found Rydoesur's Book Shoppe.
 48398 | D:14     | Bought a manual of Short Blades for 1280 gold pieces
 48467 | D:14     | Found a portal to a secret trove of treasure.
 48678 | D:14     | Found Qeijais's Armour Shop.
 49111 | D:15     | Entered Level 15 of the Dungeon
 49111 | D:15     | Noticed Jorgrun
 49137 | D:14     | Killed Jorgrun
 49442 | D:15     | Identified the +1 robe of a Gauntlet {Int+2}
 50006 | D:15     | Found a staircase to the Depths.
 50381 | Vaults:1 | Entered Level 1 of the Vaults
 50409 | Vaults:1 | Reached skill level 5 in Shields
 50711 | Vaults:1 | Reached XP level 22. HP: 127/142 MP: 31/31
 51594 | Vaults:1 | Mangled by a tengu reaver

Illustrated notes

Levels and vault maps discovered:
D:1:      minmay_arrival_jagged, layout_loops_corners,
          ebering_ecumenical_altar_rust, minmay_misc_feat_room
D:2:      layout_basic
D:3:      layout_rooms
D:4:      layout_basic, eino_small_chamber_without_monster, dreamdust_gnoll_farm
D:5:      layout_layer_cave, grunt_temple_overflow_order_and_chaos_2,
          temple_fountains, minmay_shop_damaged, minmay_divided_ellipse,
          uniq_sigmund
D:6:      layout_gridville, uniq_eustachio
D:7:      layout_cave_pools, nicolae_hepliaklqana_monster_ancestors,
          serial_shops, nicolae_take_the_stairs, grunt_decor_one_mirror
D:8:      layout_rooms, grunt_decor_clamped, minmay_misc_feat_enclosed,
          serial_bayou_pond_a, minmay_lizard_king
D:9:      minmay_the_grid_octo_triangle [minmay_the_grid_octo_odd_swirl,
          minmay_the_grid_octo_prize_square_snowflake,
          minmay_the_grid_octo_thin_diamonds], layout_gridville,
          fedhas_bush_and_centaur_altar, serial_shops,
          nicolae_shop_bloodbath_and_beyond, shop, nicolae_stop_n_shop_2,
          kennysheep_mini_moat, shop, uniq_erolcha, uniq_gastronok, uniq_amaemon
D:10:     layout_basic, david_orc_2, enter_bailey_2, uniq_grum
D:11:     layout_loops_ring, gauntlet_entry_generic, minmay_bent
D:12:     layout_long_grid
D:13:     minmay_five_octagons, layout_basic, uniq_nessos
D:14:     layout_cave_pods, lightli_vaults_fourway_checkpoint, serial_shops,
          nicolae_square_shop, nicolae_shop_trees, nicolae_shop_trees,
          nicolae_inconvenience_store, nicolae_shop_stone,
          trog_three_pillars_becter, nicolae_trove_entry_free_sample,
          minmay_misc_feat_five, nicolae_shop_clearance
D:15:     gammafunk_enter_depths_forms, layout_rooms, roderic_roman_lattice,
          uniq_jorgrun
Temple:   nicolae_temple_no_exploring_needed
Lair:1:   layout_cave_pods, basic_altar, minivault_11, grunt_megastairs_4,
          infiniplex_staircase_pool_2
Lair:2:   layout_regular_city, spider_nest_entry_web_field, uniq_sonja
Lair:3:   layout_gridlike, minmay_shoals_entry_lonely_mermaid,
          gammafunk_ghost_grave, grunt_megastairs_5
Lair:4:   layout_concentric_octagons, beast_lair_carwin_8
Lair:5:   layout_regular_city, beast_lair_carwin_4, lemuel_fruit_fields,
          lemuel_fruit_fields
Lair:6:   evilmike_catoblepas_cave, layout_cave_shapes, slime_dummy,
          special_room [special_room_mythical_zoo], lemuel_fruit_tree,
          infiniplex_staircase_pool
Shoals:1: layout_shoals, st_sunken_temple, uniq_frances
Shoals:2: layout_shoals, nicolae_shoals_shepherds
Shoals:3: layout_shoals, argonaut_gorgonesque, uniq_ilsuiw, uniq_louise,
          uniq_donald, uniq_polyphemus, uniq_mara
Shoals:4: shoals_end_grunt_garden, layout_shoals
Spider:1: layout_spider_delve, nicolae_spider_checkerboard, uniq_azrael,
          uniq_mlioglotl
Spider:2: layout_spider_delve, nicolae_spider_nooks_and_crannies
Spider:3: layout_spider_delve, drop_trap
Spider:4: grunt_spider_rune_circles
Orc:1:    layout_diamond_mine, serial_shops, nicolae_shop_trees, shop,
          special_room [special_room_bee], nicolae_orc_bridge_out
Orc:2:    kennysheep_orc_mage_school, layout_diamond_mine, minmay_shop_mayhem
Elf:1:    minmay_elf_arrival_circle, layout_geoelf_diagonals,
          minmay_elf_demonology, lemuel_upstairs_altar
Elf:2:    nicolae_elf_blades_splatter_lattice
          [nicolae_blade_entry_diamond_columns], layout_gridlike, serial_shops,
          shop, grunt_megastairs_2
Elf:3:    elf_hall, layout_gridlike, roderic_lattice_octagonal_star
Vaults:1: vaults_room_corners, v_rooms_2, vaults_mumra_minichess,
          nicolae_vaults_bisected_exclaves, nicolae_vaults_shelves_hall,
          hangedman_vaults_restitches, nicolae_vaults_angled_halls, v_rooms_4,
          grunt_vaults_hallway_short, v_alt_pattern_1, st_diamondy,
          layout_vaults_omnibox

Skill      XL: |  1  2  3  4  5  6  7  8  9 10 11 12 13 14 15 16 17 18 19 20 21 22 |
---------------+-------------------------------------------------------------------+-----
Stealth        | 3 5 7 8 10 11 13 15 16 18 19 20 22 24 | 24.0
Short Blades   | 5 6 8 9 11 12 13 14 15 16 17 18 19 20 23 24 | 24.2
Dodging        | 6 9 10 12 14 15 17 19 20 21 22 23 24 | 24.3
Fighting       | 4 6 7 9 11 13 15 16 | 16.1
Evocations     | 4 5 |  5.1
Invocations    | 1 4 6 11 13 | 13.0
Shields        | 5 6 |  6.8

Action                   |  1- 3 |  4- 6 |  7- 9 | 10-12 | 13-15 | 16-18 | 19-21 | 22-24 || total
-------------------------+-------+-------+-------+-------+-------+-------+-------+-------++-------
Melee: Short sword       |    88 |   175 |   270 |   828 |  1705 |  1556 |   130 |       ||  4752
       Punch             |       |     2 |     3 |    11 |    38 |    41 |    41 |       ||   136
       Rapier            |       |       |       |       |       |       |  1906 |   223 ||  2129
Invok: Shadow Form       |       |       |       |       |       |       |     3 |       ||     3
Evoke: Wand              |       |       |       |     2 |       |     4 |     6 |       ||    12
       Phantom mirror    |       |       |       |       |     1 |     1 |     1 |       ||     3
       Box of beasts     |       |       |       |       |       |     2 |     2 |     1 ||     5
       Phial of floods   |       |       |       |       |       |     1 |     1 |     1 ||     3
  Use: Scroll            |       |     7 |       |    14 |     4 |     9 |     7 |     1 ||    42
       Potion            |       |       |       |     7 |       |    12 |     5 |     2 ||    26
 Stab: Sleeping          |    20 |    19 |    22 |    23 |    93 |   156 |   154 |     2 ||   489
       Distracted        |       |     2 |       |     8 |     8 |    14 |    36 |     1 ||    69
       Paralysed         |       |       |       |     2 |       |     1 |       |       ||     3
       Invisible         |       |       |       |     3 |       |    43 |    20 |       ||    66
Armor: Robe              |     3 |    14 |    19 |    20 |    61 |    54 |    38 |     8 ||   217
Dodge: Dodged            |    42 |   124 |   154 |   436 |  1060 |  1244 |  1519 |   254 ||  4833
Block: Kite shield       |       |       |       |       |       |       |   219 |   180 ||   399
       Reflection        |       |       |       |       |       |       |    15 |     1 ||    16

Table legend: (Time is in decaauts)
 A = Elapsed time spent in this place.
 B = Non-inter-level travel time spent in this place.
 C = Inter-level travel time spent in this place.
 D = Time resting spent in this place.
 E = Time spent auto-exploring this place.
 F = Levels seen in this place.
 G = Mean time per level.
                   A        B        C        D        E       F      G
               +--------+--------+--------+--------+--------+-----+--------+
         Total |  48064 |  45273 |   2791 |   8787 |  25806 |  38 | 1264.8 |
       Dungeon |  17733 |  16685 |   1048 |   3197 |  10409 |  15 | 1182.2 |
        Temple |     39 |     31 |      8 |      0 |     15 |   1 |   39.0 |
          Lair |  10199 |   9722 |    477 |   2201 |   5962 |   6 | 1699.8 |
        Shoals |   5354 |   5173 |    181 |    809 |   2865 |   4 | 1338.5 |
   Spider Nest |   4296 |   4141 |    155 |    801 |   1797 |   4 | 1074.0 |
  Orcish Mines |   2349 |   1919 |    430 |     19 |   1306 |   2 | 1174.5 |
   Elven Halls |   5317 |   4829 |    488 |   1219 |   2311 |   3 | 1772.3 |
        Vaults |   1093 |   1093 |      0 |    181 |    535 |   1 | 1093.0 |
        Bailey |    713 |    713 |      0 |    128 |    249 |   1 |  713.0 |
      Gauntlet |    966 |    966 |      0 |    229 |    356 |   1 |  966.0 |
               +--------+--------+--------+--------+--------+-----+--------+

Top non-repeatable levels by time:
  Lair:2: 3227 daAuts
     D:5: 2091 daAuts
   Elf:2: 1962 daAuts
   Elf:1: 1865 daAuts
  Lair:6: 1829 daAuts
Shoals:3: 1653 daAuts
     D:4: 1608 daAuts
     D:1: 1507 daAuts
   Elf:3: 1489 daAuts
Shoals:4: 1480 daAuts
    D:14: 1431 daAuts
Spider:1: 1393 daAuts
    D:10: 1363 daAuts
  Lair:3: 1341 daAuts
   Orc:2: 1329 daAuts
